 Dungeon Crawl Stone Soup version 0.31-a0-523-g071a6c1ffa (webtiles) character file.

Game seed: 10209273370588655151

132550 zazu2006 the Nimble (level 17, -1/137 HPs)
             Began as a Gnoll Wanderer on Aug 11, 2023.
             Was a High Priest of Vehumet.
             Slain by a bog body (8 damage)
             ... on level 3 of the Swamp.
             The game lasted 01:29:52 (35484 turns).

zazu2006 the Nimble (Gnoll Wanderer)               Turns: 35484, Time: 01:29:52

Health: -1/137     AC: 19    Str: 19    XL:     17   Next: 12%
Magic:  29/33      EV: 17    Int: 14    God:    Vehumet [*****.]
Gold:   3776       SH: 16    Dex: 16    Spells: 7/40 levels left

rFire   . . .        R - +4 scimitar (flame)
rCold   + . .        W - +4 kite shield of Indemnity {rC+}
rNeg    + + .        K - +0 swamp dragon scales
rPois   +            i - +1 helmet {SInv}
rElec   .            v - +0 cloak
rCorr   +            F - +0 pair of gloves
SInv    +            P - +2 pair of boots {rampage}
Will    +....        (no amulet)
Stlth   ++++         l - ring of Puos {rN+ rCorr Slay+6}
HPRegen 0.42/turn    J - ring of Enwiclyc {rN+ Str+4 Dex+2}
MPRegen 0.23/turn

%: rampage
@: slowed, very slow
A: fangs 1, strong nose, distributed training
a: Renounce Religion


You were on level 3 of the Swamp.
You worshipped Vehumet.
Vehumet was extremely pleased with you.
You visited 7 branches of the dungeon, and saw 28 of its levels.
You also visited: Sewer, Ossuary and Bailey.

You collected 3776 gold pieces.

Inventory:

Hand Weapons
 y - a +0 falchion of holy wrath
 R - a +4 scimitar of flaming (weapon)
Missiles
 b - 19 boomerangs (quivered)
 H - a throwing net
 U - 12 poisoned darts
Armour
 i - a +1 helmet of see invisible (worn)
 v - a +0 cloak (worn)
 D - +0 acid dragon scales
 F - a +0 pair of gloves (worn)
 K - +0 swamp dragon scales (worn)
 P - a +2 pair of boots of rampaging (worn)
 W - the +4 kite shield of Indemnity (worn) {rC+}
   (You found it on level 5 of the Lair of Beasts)

   rC+:       It protects you from cold.
Jewellery
 l - the ring of Puos (left hand) {rN+ rCorr Slay+6}
   (You found it on level 2 of the Dungeon)

   [ring of resist corrosion]

   Slay+6:    It affects your accuracy & damage with ranged weapons and melee
   (+6).
   rN+:       It protects you from negative energy.
   rCorr:     It protects you from acid and corrosion.
 J - the ring of Enwiclyc (right hand) {rN+ Str+4 Dex+2}
   (You acquired it in a bailey)

   [ring of positive energy]

   Str+4:     It affects your strength (+4).
   Dex+2:     It affects your dexterity (+2).
   rN+:       It protects you from negative energy.
 M - the ring of Jeor {rF- rC++ rCorr Str+2}
   (You found it on level 8 of the Dungeon)

   [ring of resist corrosion]

   Str+2:     It affects your strength (+2).
   rF-:       It makes you vulnerable to fire.
   rC++:      It greatly protects you from cold.
   rCorr:     It protects you from acid and corrosion.
 O - a ring of protection from cold
Wands
 g - a wand of polymorph (7)
 u - a wand of digging (10)
 x - a wand of flame (25)
 A - a wand of iceblast (8)
 C - a wand of light (2)
 N - a wand of paralysis (19)
 Y - a wand of mindburst (7)
Scrolls
 d - 3 scrolls of identify
 f - 4 scrolls of fog
 h - 4 scrolls of enchant weapon
 m - 9 scrolls of teleportation
 o - 2 scrolls of amnesia
 p - 4 scrolls of poison
 G - 3 scrolls of revelation
 L - 7 scrolls of summoning
 T - 2 scrolls of fear
Potions
 a - 3 potions of curing
 c - 3 potions of magic
 e - a potion of invisibility
 j - 3 potions of might
 n - 3 potions of cancellation
 q - 2 potions of resistance
 r - 7 potions of haste
 t - 2 potions of lignification
 z - 4 potions of attraction
 I - a potion of brilliance
 V - a potion of heal wounds


   Skills:
 + Level 13.2 Fighting
 + Level 11.6 Short Blades
 + Level 11.6 Long Blades
 + Level 11.6 Axes
 + Level 11.6 Maces & Flails
 + Level 11.6 Polearms
 + Level 11.6 Staves
 + Level 11.6 Ranged Weapons
 + Level 11.6 Throwing
 + Level 11.9 Armour
 + Level 13.2 Dodging
 + Level 11.6 Stealth
 + Level 11.6 Shields
 + Level 11.6 Unarmed Combat
 + Level 12.0 Spellcasting
 + Level 9.8 Conjurations
 + Level 9.8 Hexes
 + Level 9.8 Summonings
 + Level 9.8 Necromancy
 + Level 9.8 Translocations
 + Level 9.8 Transmutations
 + Level 9.8 Fire Magic
 + Level 9.8 Ice Magic
 + Level 10.5 Air Magic
 + Level 9.8 Earth Magic
 + Level 9.8 Poison Magic
 + Level 12.6 Invocations
 + Level 11.6 Evocations
 + Level 9.8 Shapeshifting


You had 7 spell levels left.
You knew the following spells:

 Your Spells              Type           Power      Damage    Failure   Level
a - Shock                 Conj/Air       100%       1d9       1%          1
b - Dazzling Flash        Conj/Hex       70%        N/A       1%          3
c - Olgreb's Toxic Radia  Pois           35%        N/A       1%          4
d - Blink                 Tloc           70%        N/A       1%          2
e - Fireball              Conj/Fire      17%        3d9       3%          5
f - Ozocubu's Refrigerat  Ice            17%        4d11      63%         7
g - Freezing Cloud        Conj/Ice/Air   18%        6-21      3%          5
h - Leda's Unmaking       Conj/Erth      17%        9d4       17%         6

Your spell library contained the following spells:

 Spells                   Type           Power      Damage    Failure   Level
 Plasma Beam              Fire/Air       18%        2x1d29    16%         6
 Apportation              Tloc           70%        N/A       1%          1
 Foxfire                  Conj/Fire      100%       2x1d9     1%          1
 Summon Small Mammal      Summ           100%       N/A       1%          1
 Cigotuvi's Dreadful Rot  Necr/Pois/Air  72%        N/A       1%          2
 Ensorcelled Hibernation  Hex/Ice        70%        N/A       1%          2
 Passwall                 Tmut/Erth      29%        N/A       1%          2
 Call Canine Familiar     Summ           35%        N/A       1%          3
 Hailstorm                Conj/Ice       35%        3d9       1%          3
 Ignite Poison            Fire/Tmut/Pois 35%        N/A       1%          3
 Inner Flame              Hex/Fire       35%        N/A       1%          3
 Ozocubu's Armour         Ice            35%        N/A       1%          3
 Summon Guardian Golem    Hex/Summ       35%        N/A       1%          3
 Swiftness                Air            38%        N/A       1%          3
 Tukima's Dance           Hex            35%        N/A       1%          3
 Volatile Blastmotes      Fire/Tloc      70%        2d15      1%          3
 Flame Wave               Conj/Fire      35%        2d10      1%          4
 Sticky Flame             Conj/Fire      35%        2d5       1%          4
 Summon Lightning Spire   Summ/Air       36%        N/A       3%          4
 Lee's Rapid Deconstruct  Erth           17%        3d11*     3%          5
 Yara's Violent Unravell  Hex/Tmut       17%        3d8       3%          5
 Anguish                  Hex/Necr       17%        N/A       4%          4
 Animate Armour           Summ/Erth      70%        N/A       4%          4
 Cause Fear               Hex            17%        N/A       4%          4
 Leda's Liquefaction      Hex/Erth       17%        N/A       4%          4
 Manifold Assault         Tloc           35%        N/A       4%          4
 Passage of Golubria      Tloc           35%        N/A       4%          4
 Summon Ice Beast         Ice/Summ       35%        N/A       4%          4
 Silence                  Hex/Air        18%        N/A       10%         5
 Agony                    Necr           35%        N/A       12%         5
 Alistair's Intoxication  Tmut/Pois      23%        N/A       12%         5
 Metabolic Englaciation   Hex/Ice        17%        N/A       12%         5
 Summon Forest            Summ/Tloc      17%        N/A       12%         5
 Simulacrum               Ice/Necr       17%        N/A       54%         6
 Orb of Destruction       Conj           17%        9d7       63%         7
 Spellforged Servitor     Conj/Summ      17%        N/A       63%         7
 Enfeeble                 Hex            17%        N/A       98%         7


Dungeon Overview and Level Annotations

Branches:
Dungeon (15/15)            Temple (1/1) D:4            Lair (5/5) D:10
  Swamp (3/4) Lair:3       Spider (0/4) Lair:3        Slime (0/5) Lair:4
    Orc (2/2) D:9             Elf (1/3) Orc:2        Vaults (0/5) D:13
 Depths (1/4) D:15          Sewer (visited)         Ossuary (visited)
 Bailey (visited)

Altars:
Ashenzari
Cheibriados
Dithmenos
Elyvilon
Fedhas
Gozag
Hepliaklqana
Kikubaaqudgha
Makhleb
Nemelex Xobeh
Okawaru
Qazlal
Ru
Sif Muna
Trog
Uskayaw
Vehumet
Wu Jian
Xom
Yredelemnul
Zin
The Shining One
Jiyva

Shops:
D:7 **   Orc:2 (:(=

Annotations:
Swamp:2 3 runed translucent doors, javelincjr's ghost, journeyman DsFi
Depths:1 exclusion: orange crystal statue


Innate Abilities, Weirdness & Mutations

You have very sharp teeth.
Your uncanny sense of smell can sniff out nearby items.
Your experience applies equally to all skills.


Message History

Unknown command.
Unknown command.
Unknown command.
Unknown command.
Unknown command.
Casting: Freezing Cloud (dangerous; 3% risk of failure)
Confirm with . or Enter, or press ? or * to list all spells.
You blink.
You are engulfed in freezing vapours.
You resist.
You block the vampire mosquito's attack.
The bog body points at you and mumbles some strange words.
The bolt of cold hits you! You resist.
The vampire mosquito bites you but does no damage.
Unknown command.
Casting: Blink (safe; 1% risk of failure)
Confirm with . or Enter, or press ? or * to list all spells.
Casting: Dazzling Flash (safe; 1% risk of failure)
Press: ? - help, Dir - look around, f - activate The hornet is dazzled.
You are engulfed in freezing vapours.
You resist.
* * * LOW HITPOINT WARNING * * *
The hornet seems less confused.
The vampire mosquito closely misses you.
The vampire mosquito bites you.
* * * LOW HITPOINT WARNING * * *
The bog body barely misses you.
Unknown command.
You closely miss the bog body.
The bog body is heavily damaged.
You are engulfed in freezing vapours.
You resist.
* * * LOW HITPOINT WARNING * * *
You feel stable enough to blink again.
The vampire mosquito completely misses you.
The vampire mosquito bites you.
* * * LOW HITPOINT WARNING * * *
The bog body closely misses you. You block the bog body's attack.
The hornet misses you.
You block the vampire mosquito's attack.
The bog body touches you.
* * * LOW HITPOINT WARNING * * *
The bog body freezes you! You resist.
You die...

♣♣♣.~♣♣ ♣♣.♣
♣.♣♣♣♣ ♣.§~♣♣ ...
~~~♣~ ♣♣♣~§.♣
♣..♣..~...~
♣♣..♣♣
♣♣.~.....~.
♣^.~♣♣ ♣♣
♣♣~~....♣.♣♣
♣~~~.♣♣
♣♣~♣♣~..~.~....♣
♣♣..~.~
♣~.....§.~♣~~.♣♣
♣~§~♣~
♣...♣~~.y@)°...♣
♣♣§~~~
♣§?.~§†ynn~○...♣
♣~~~~
♣~..♣§~..~♣.~♣♣
♣.~~~
♣..~..~~~...~♣
♣♣..♣.
♣♣..~....~~~.♣
♣.♣..>
♣~.~...~.♣.♣..♣
♣♣..♣♣
♣..~..~§≈♣≈♣♣♣♣
♣..♣♣♣
♣♣.~....♣♣≈≈≈
♣.♣♣
♣..~..~.≈≈≈≈≈≈♣♣♣
♣♣.♣


You could see 2 bog bodies, a hornet (blind) and a vampire mosquito.

Vanquished Creatures
  Agnes (D:15)
  Kirke (D:14)
  4 thorn hunters
  2 fenstrider witches
  A juggernaut zombie (D:15)
  An eleionoma (Swamp:2)
  Azrael (D:14)
  3 bunyips
  A fire dragon (Lair:5)
  A spriggan zombie (D:15)
  A shambling mangrove (Swamp:1)
  7 hydras
  A spriggan air mage (Swamp:3)
  5 ogre magi
  3 ghost crabs
  6 boulder beetles
  Erica (D:9)
  3 centaur warriors
  4 alligators
  22 two-headed ogres
  An orc high priest (Bailey)
  8 spriggans
  Nergalle (D:12)
  Sonja (Orc:2)
  A deep elf knight (Elf:1)
  3 goliath frogs (Swamp:3)
  6 skeletal warriors (D:15)
  2 spriggan druids
  A swamp dragon (Swamp:2)
  A phantasmal warrior (D:15)
  2 bog bodies
  2 deep elf archers (Elf:1)
  5 orc knights
  6 deep elf pyromancers
  2 deep elf zephyrmancers (Elf:1)
  2 lindwurms
  A wolf spider (Lair:5)
  4 will-o-the-wisps
  17 ugly things
  2 necromancers
  3 manticores
  5 cyclopes
  A salamander (shapeshifter) (D:13)
  A frost giant skeleton (D:15)
  A guardian serpent (Lair:5)
  An iron dragon skeleton (D:15)
  13 black mambas
  6 torpor snails
  Joseph (D:9)
  8 cane toads
  A komodo dragon (shapeshifter) (D:13)
  Psyche (D:12)
  2 rime drakes
  2 unseen horrors
  An efreet (D:13)
  5 kobold demonologists
  An unseen horror (shapeshifter) (D:12)
  9 komodo dragons
  2 freezing wraiths (D:12)
  5 trolls
  2 bloated husks (Swamp:1)
  3 polar bears
  A meliai (shapeshifter) (D:13)
  9 tyrant leeches
  18 hornets
  7 blink frogs
  A centaur simulacrum (D:13)
  A jumping spider (shapeshifter) (D:13)
  7 slime creatures
  An air elemental (Elf:1)
  Sigmund (D:2)
  33 yaks
  A yak (shapeshifter) (D:13)
  3 shadows
  7 basilisks
  A vampire (D:13)
  19 wyverns
  6 wraiths
  2 fire elementals (D:14)
  A hog (shapeshifter) (D:13)
  10 vampire mosquitoes
  3 steam dragons
  3 redbacks
  3 wargs
  10 swamp worms
  3 acid dragons
  3 hell hounds (D:14)
  18 water moccasins
  Duvessa (D:7)
  A swamp drake (Swamp:3)
  22 orc warriors
  5 ice beasts
  5 sky beasts
  2 black bears (D:7)
  29 ogres
  32 wolves
  A phantom (D:4)
  4 centaurs
  5 elf zombies (Ossuary)
  3 kobold brigands (D:9)
  13 bullfrogs
  A gnoll sergeant (D:5)
  2 scorpions
  Dowan (D:7)
  7 wights (D:8)
  7 killer bees
  6 electric eels
  7 howler monkeys
  5 centaur zombies (Ossuary)
  17 orc priests
  A jelly (D:4)
  2 human zombies (Ossuary)
  A sleepcap (D:6)
  3 hounds
  2 iguanas
  3 gnoll boudas
  Terence (D:2)
  16 orc wizards
  4 mummies
  Robin (D:3)
  19 gnolls
  11 adders
  10 river rats
  A shadow imp (D:6)
  5 worms
  2 dart slugs
  48 orcs
  13 endoplasms
  5 giant cockroaches
  23 goblins
  12 hobgoblins
  5 quokkas
  13 ball pythons
  5 bats
  9 frilled lizards
  17 kobolds
  9 rats
800 creatures vanquished.

Vanquished Creatures (others)
  An ogre mage (D:13)
  A bloated husk (Swamp:3)
  A hornet (Swamp:3)
  A human (D:14)
  26 foxfires
30 creatures vanquished.

Grand Total: 830 creatures vanquished

Notes
Turn   | Place    | Note
-------+----------+-------------------------------------------
     0 | D:1      | zazu2006 the Gnoll Wanderer began the quest for the Orb.
     0 | D:1      | zazu2006 set off with the following items: a +0 dagger, 2
                  | throwing nets, a potion of curing, a potion of mutation, a
                  | +0 leather armour; and the following spell memorised:
                  | Shock; and the following spells available to memorise:
                  | Swiftness.
     0 | D:1      | Reached XP level 1. HP: 23/23 MP: 4/4
   259 | D:1      | Found a faded altar of an unknown god.
   304 | D:1      | Reached XP level 2. HP: 28/29 MP: 1/5
  1214 | D:2      | Noticed Terence
  1279 | D:1      | Reached XP level 3. HP: 35/35 MP: 1/7
  1617 | D:2      | Killed Terence
  1618 | D:2      | Reached skill level 1 in Short Blades
  1618 | D:2      | Reached skill level 1 in Long Blades
  1618 | D:2      | Reached skill level 1 in Axes
  1618 | D:2      | Reached skill level 1 in Maces & Flails
  1618 | D:2      | Reached skill level 1 in Polearms
  1618 | D:2      | Reached skill level 1 in Staves
  1618 | D:2      | Reached skill level 1 in Ranged Weapons
  1618 | D:2      | Reached skill level 1 in Throwing
  1618 | D:2      | Reached skill level 1 in Stealth
  1618 | D:2      | Reached skill level 1 in Shields
  1618 | D:2      | Reached skill level 1 in Unarmed Combat
  1618 | D:2      | Reached skill level 1 in Invocations
  1618 | D:2      | Reached skill level 1 in Evocations
  1699 | D:2      | Identified the ring of Puos {rN+ rCorr Slay+6}
  1716 | D:2      | Reached XP level 4. HP: 41/41 MP: 8/8
  2044 | D:2      | Noticed Sigmund
  2055 | D:2      | Killed Sigmund
  2056 | D:2      | Reached skill level 1 in Conjurations
  2056 | D:2      | Reached skill level 1 in Hexes
  2056 | D:2      | Reached skill level 1 in Summonings
  2056 | D:2      | Reached skill level 1 in Necromancy
  2056 | D:2      | Reached skill level 1 in Translocations
  2056 | D:2      | Reached skill level 1 in Transmutations
  2056 | D:2      | Reached skill level 1 in Fire Magic
  2056 | D:2      | Reached skill level 1 in Ice Magic
  2056 | D:2      | Reached skill level 1 in Earth Magic
  2056 | D:2      | Reached skill level 1 in Poison Magic
  2056 | D:2      | Reached skill level 1 in Shapeshifting
  2056 | D:2      | Reached XP level 5. HP: 47/47 MP: 4/9
  2056 | D:2      | Reached XP level 6. HP: 53/53 MP: 4/10
  2830 | D:3      | Found a faded altar of an unknown god.
  2850 | D:3      | Noticed Robin
  2880 | D:3      | Killed Robin
  2952 | D:3      | Found a glowing silver altar of Zin.
  2953 | D:3      | Found an opulent altar of Gozag.
  3202 | D:3      | Found a glowing drain.
  3216 | Sewer    | Entered a sewer
  4132 | Sewer    | Reached XP level 7. HP: 59/59 MP: 5/12
  4854 | D:3      | Found a snail-covered altar of Cheibriados.
  5290 | D:4      | Found a staircase to the Ecumenical Temple.
  5324 | Temple   | Entered the Ecumenical Temple
  5498 | D:4      | Identified the +3 dagger of the Vulture {flame, rF+ rC+
                  | Dex+3}
  5566 | D:4      | Found a radiant altar of Vehumet.
  5575 | D:4      | Became a worshipper of Vehumet
  6093 | D:4      | Reached XP level 8. HP: 67/67 MP: 14/14
  6347 | D:5      | Entered Level 5 of the Dungeon
  6406 | D:5      | Found a sacrificial altar of Ru.
  6416 | D:5      | Found a stormy altar of Qazlal.
  6420 | D:5      | Found an iron altar of Okawaru.
  8031 | D:6      | Reached skill level 5 in Air Magic
  8071 | D:6      | Reached * piety under Vehumet
  8071 | D:6      | Offered knowledge of Magic Dart by Vehumet.
  8072 | D:6      | Reached XP level 9. HP: 73/73 MP: 16/16
  8628 | D:6      | Reached skill level 5 in Spellcasting
  8985 | D:7      | Found Elamieb's General Store.
  8986 | D:7      | Found Empyipp's Specific Store.
  9069 | D:7      | Noticed Duvessa
  9071 | D:7      | Noticed Dowan
  9084 | D:7      | Killed Duvessa
  9102 | D:7      | Killed Dowan
  9103 | D:7      | Reached skill level 5 in Armour
  9162 | D:7      | Found a sand-covered staircase.
  9172 | Ossuary  | Entered an ossuary
  9382 | Ossuary  | Reached skill level 5 in Invocations
 10090 | D:8      | Offered knowledge of Sandblast by Vehumet.
 10105 | D:8      | Reached XP level 10. HP: 68/80 MP: 18/18
 10108 | D:8      | Reached ** piety under Vehumet
 10116 | D:8      | Reached skill level 5 in Short Blades
 10116 | D:8      | Reached skill level 5 in Long Blades
 10116 | D:8      | Reached skill level 5 in Axes
 10116 | D:8      | Reached skill level 5 in Maces & Flails
 10116 | D:8      | Reached skill level 5 in Polearms
 10116 | D:8      | Reached skill level 5 in Staves
 10116 | D:8      | Reached skill level 5 in Ranged Weapons
 10116 | D:8      | Reached skill level 5 in Throwing
 10116 | D:8      | Reached skill level 5 in Stealth
 10116 | D:8      | Reached skill level 5 in Shields
 10116 | D:8      | Reached skill level 5 in Unarmed Combat
 10116 | D:8      | Reached skill level 5 in Evocations
 10282 | D:8      | Identified the ring of Jeor {rF- rC++ rCorr Str+2}
 10327 | D:8      | Paralysed by a gnoll for 5 turns
 10549 | D:8      | Found a hazy altar of Hepliaklqana.
 10618 | D:9      | Noticed a kobold demonologist
 10618 | D:9      | Noticed a kobold demonologist
 10622 | D:9      | Noticed a kobold demonologist
 10622 | D:9      | Noticed a kobold demonologist
 10631 | D:9      | Noticed a rust devil
 10739 | D:9      | Found a flagged portal.
 10775 | Bailey   | Entered a bailey
 11073 | Bailey   | Noticed an orc high priest
 11082 | Bailey   | Noticed a soul eater
 11086 | Bailey   | Killed an orc high priest
 11246 | Bailey   | Learned a level 3 spell: Dazzling Flash
 11261 | Bailey   | Noticed an orc knight
 11273 | Bailey   | Noticed a kobold demonologist
 11288 | Bailey   | Killed an orc knight
 11288 | Bailey   | Offered knowledge of Poisonous Vapours by Vehumet.
 11292 | Bailey   | Identified the +6 orcbow of Guile {elec, Contam rElec rN+++
                  | Int-3}
 11705 | Bailey   | Killed a kobold demonologist
 11971 | Bailey   | Acquired the ring of Enwiclyc {rN+ Str+4 Dex+2}
 12049 | Bailey   | Found an iron altar of Okawaru.
 12360 | D:9      | Noticed Joseph
 12362 | D:9      | Killed Joseph
 12411 | D:9      | Reached XP level 11. HP: 73/87 MP: 20/20
 12477 | D:9      | Noticed Erica
 12492 | D:9      | Killed Erica
 12492 | D:9      | Reached *** piety under Vehumet
 12493 | D:9      | Reached skill level 5 in Conjurations
 12493 | D:9      | Reached skill level 5 in Hexes
 12493 | D:9      | Reached skill level 5 in Summonings
 12493 | D:9      | Reached skill level 5 in Necromancy
 12493 | D:9      | Reached skill level 5 in Translocations
 12493 | D:9      | Reached skill level 5 in Transmutations
 12493 | D:9      | Reached skill level 5 in Fire Magic
 12493 | D:9      | Reached skill level 5 in Ice Magic
 12493 | D:9      | Reached skill level 5 in Earth Magic
 12493 | D:9      | Reached skill level 5 in Poison Magic
 12493 | D:9      | Reached skill level 5 in Shapeshifting
 12538 | D:9      | Found a staircase to the Orcish Mines.
 12709 | D:9      | Offered knowledge of Volatile Blastmotes by Vehumet.
 13246 | D:10     | Entered Level 10 of the Dungeon
 13348 | D:10     | Identified the ring of Memperr {Int+3 SInv}
 13462 | D:10     | Noticed a green ugly thing
 13470 | D:10     | Killed a green ugly thing
 13521 | D:10     | Reached **** piety under Vehumet
 13572 | D:10     | Found a staircase to the Lair.
 14011 | D:8      | Offered knowledge of Inner Flame by Vehumet.
 14436 | D:11     | Noticed a cyclops
 14444 | D:11     | Killed a cyclops
 14563 | D:11     | Noticed a two-headed ogre
 14581 | D:11     | Killed a two-headed ogre
 14582 | D:11     | Reached XP level 12. HP: 55/97 MP: 23/23
 15217 | D:11     | You fall into a shaft and drop 1 floor!
 15601 | D:12     | Noticed Psyche
 16065 | Lair:1   | Entered Level 1 of the Lair of Beasts
 16294 | Lair:1   | Reached skill level 10 in Fighting
 16294 | Lair:1   | Reached skill level 10 in Dodging
 17467 | Lair:2   | Reached ***** piety under Vehumet
 17550 | Lair:2   | Offered knowledge of Olgreb's Toxic Radiance by Vehumet.
 17896 | Lair:2   | Reached XP level 13. HP: 60/104 MP: 25/25
 18307 | Lair:3   | Found a staircase to the Swamp.
 18578 | Lair:4   | Learned a level 4 spell: Olgreb's Toxic Radiance
 18777 | Lair:4   | Found a staircase to the Slime Pits.
 18779 | Lair:4   | Found a viscous altar of Jiyva.
 19872 | Lair:3   | Found a hole to the Spider Nest.
 21134 | Lair:5   | Entered Level 5 of the Lair of Beasts
 22123 | Lair:5   | Paralysed by a hornet for 1 turns
 22300 | D:12     | Killed Psyche
 22533 | D:12     | Noticed Nergalle
 22543 | D:12     | Killed Nergalle
 22662 | D:12     | Reached XP level 14. HP: 76/113 MP: 20/27
 23287 | D:13     | Got the Monograph on the Traveller
 23428 | D:13     | Reached skill level 10 in Invocations
 23544 | D:13     | Learned a level 2 spell: Blink
 23605 | D:13     | Offered knowledge of Fireball by Vehumet.
 24114 | D:13     | Found a gate to the Vaults.
 24573 | D:13     | Reached skill level 10 in Spellcasting
 24855 | D:12     | Learned a level 5 spell: Fireball
 24954 | Orc:1    | Entered Level 1 of the Orcish Mines
 25040 | Orc:1    | Reached skill level 10 in Armour
 25273 | Orc:2    | Entered Level 2 of the Orcish Mines
 25564 | Orc:2    | Noticed Sonja
 25568 | Orc:2    | Killed Sonja
 25709 | Orc:2    | Found Didulage's Book Shop.
 25906 | Orc:2    | Found a staircase to the Elven Halls.
 26104 | Orc:2    | Paralysed by an ogre mage for 3 turns
 26206 | Orc:2    | Reached ****** piety under Vehumet
 26207 | Orc:2    | Reached XP level 15. HP: 32/120 MP: 29/29
 26467 | Orc:2    | Reached skill level 10 in Short Blades
 26467 | Orc:2    | Reached skill level 10 in Long Blades
 26467 | Orc:2    | Reached skill level 10 in Axes
 26467 | Orc:2    | Reached skill level 10 in Maces & Flails
 26467 | Orc:2    | Reached skill level 10 in Polearms
 26467 | Orc:2    | Reached skill level 10 in Staves
 26467 | Orc:2    | Reached skill level 10 in Ranged Weapons
 26467 | Orc:2    | Reached skill level 10 in Throwing
 26467 | Orc:2    | Reached skill level 10 in Stealth
 26467 | Orc:2    | Reached skill level 10 in Shields
 26467 | Orc:2    | Reached skill level 10 in Unarmed Combat
 26467 | Orc:2    | Reached skill level 10 in Evocations
 26580 | Orc:2    | Found Aczae's Jewellery Shoppe.
 26580 | Orc:2    | Found Hogam's Weapon Shop.
 26580 | Orc:2    | Found Xouppy's Weapon Emporium.
 26587 | Orc:2    | Paralysed by an ogre mage for 4 turns
 26949 | Orc:1    | Offered knowledge of Ozocubu's Refrigeration by Vehumet.
 26972 | Orc:2    | Learned a level 7 spell: Ozocubu's Refrigeration
 27338 | D:14     | Noticed Kirke
 27344 | D:14     | Killed Kirke
 27408 | D:14     | Identified the +0 chain mail of Brilliance {Rampage
                  | *Corrode Str+3 Dex+3}
 28236 | D:14     | Learned a level 5 spell: Freezing Cloud
 28260 | D:14     | Noticed Azrael
 28281 | D:14     | Killed Azrael
 28362 | D:15     | Entered Level 15 of the Dungeon
 28628 | D:15     | Noticed Agnes
 29247 | D:15     | Killed Agnes
 30035 | Lair:5   | Found a runed translucent door.
 30043 | Lair:5   | Reached XP level 16. HP: 123/129 MP: 31/31
 30117 | Lair:5   | Paralysed by a hornet for 2 turns
 30248 | Lair:5   | Identified the +4 kite shield of Indemnity {rC+}
 30679 | Lair:5   | Offered knowledge of Plasma Beam by Vehumet.
 30682 | Lair:5   | Reached skill level 10 in Air Magic
 31307 | Elf:1    | Entered Level 1 of the Elven Halls
 31315 | Elf:1    | Learned a level 6 spell: Leda's Unmaking
 31717 | D:15     | Found a staircase to the Depths.
 31864 | Depths:1 | Entered Level 1 of the Depths
 31864 | Depths:1 | Noticed a tentacled monstrosity
 32054 | Swamp:1  | Entered Level 1 of the Swamp
 32138 | Swamp:1  | Noticed a fenstrider witch
 32145 | Swamp:1  | Killed a fenstrider witch
 32398 | Swamp:1  | Noticed a thorn hunter
 32408 | Swamp:1  | Killed a thorn hunter
 33517 | Swamp:2  | Found a runed translucent gate.
 33518 | Swamp:2  | Found a runed translucent gate.
 33519 | Swamp:2  | Found a runed translucent gate.
 33521 | Swamp:2  | Noticed javelincjr's ghost (journeyman DsFi)
 33738 | Swamp:2  | Noticed a thorn hunter
 33844 | Swamp:2  | Killed a thorn hunter
 34513 | Swamp:3  | Got Icwo's Compilation of the Incandescent Queen Bee
 34594 | Swamp:3  | Noticed a fenstrider witch
 34598 | Swamp:3  | Paralysed by a fenstrider witch for 2 turns
 34604 | Swamp:3  | Killed a fenstrider witch
 34873 | Swamp:3  | Noticed a thorn hunter
 34882 | Swamp:3  | Killed a thorn hunter
 34884 | Swamp:3  | Reached XP level 17. HP: 58/136 MP: 32/32
 35484 | Swamp:3  | Slain by a bog body

Illustrated notes

Levels and vault maps discovered:
D:1:      roderic_crop_circles_arrival_small, layout_loops_cross,
          ebering_ecumenical_altar_hall, kennysheep_minor_cross,
          hangedman_decor_push
D:2:      layout_basic, uniq_terence, uniq_sigmund
D:3:      layout_basic, grunt_temple_overflow_gold_and_silver,
          nicolae_overflow_ecumenical_swirl, portal_sewer_entry_b,
          dk_noncrumbling_4, uniq_robin
D:4:      layout_basic, vehumet_altar_wand_db, temple_statues,
          dreamdust_princess_bridge
D:5:      layout_basic, minmay_overflow_temple_star_quad
D:6:      layout_basic, kennysheep_nondescript, nicolae_lava_and_water,
          grunt_decor_mini_mirrors, roderic_lattice_a
D:7:      layout_basic, gup_ossuary_entry_pyramid, nicolae_specific_store,
          uniq_duvessa
D:8:      layout_loops_ring, lemuel_tele_altar
D:9:      layout_loops_ring, orc_0_dummy, enter_bailey_4, uniq_erica,
          uniq_joseph
D:10:     layout_roguey, hellmonk_lair_entry_icy
D:11:     layout_long_grid, kennysheep_diamond, hangedman_misty_isle
D:12:     minmay_inside_and_out, layout_irregular_city, uniq_psyche,
          uniq_nergalle
D:13:     minmay_ornate_pinched, layout_basic, david_vaults_1,
          nicolae_figureground_pulse
D:14:     layout_roguey, dk_noncrumbling_2, uniq_azrael, uniq_kirke
D:15:     gammafunk_depths_entry_grave, layout_loops_ring, patterned_corridor,
          uniq_agnes
Temple:   nicolae_temple_two_arcs
Lair:1:   layout_loops_ring, grunt_megastairs_1
Lair:2:   layout_misc_corridors
Lair:3:   layout_long_grid, minmay_swamp_entry_wisps, spider_nest_entry_a
Lair:4:   layout_regular_city, dpeg_slime_entry_corner
Lair:5:   hangedman_lair_tendril_chambers, layout_regular_city, wormcave
Swamp:1:  layout_basic_swamp, evilmike_swamp_ruin_house_2
Swamp:2:  layout_basic_swamp, gammafunk_ghost_hydra_chop,
          hangedman_swamp_ruin_wall, swamp_pool3
Swamp:3:  layout_falls_marsh, evilmike_swamp_ruin_rubble_1, swamp_pool4
Orc:1:    cheibrodos_orc_arena, layout_diamond_mine
Orc:2:    st_orc_ogre_mass, layout_caves, uniq_sonja
Elf:1:    eino_elf_arrival_the_gate, layout_loops_cross, serial_shops,
          nicolae_shop_behind_doors, minmay_elf_necromancy, fountainhead
Depths:1: layout_big_octagon, pf_coc_iceberg, abyss_entry, pan_entry,
          dpeg_stationary_puzzle

Skill      XL: |  1  2  3  4  5  6  7  8  9 10 11 12 13 14 15 16 17 |
---------------+----------------------------------------------------+-----
Short Blades   | 1 2 3 4 5 7 8 9 10 11 | 11.6
Long Blades    | 1 2 3 4 5 7 8 9 10 11 | 11.6
Axes           | 1 2 3 4 5 7 8 9 10 11 | 11.6
Maces & Flails | 1 2 3 4 5 7 8 9 10 11 | 11.6
Polearms       | 1 2 3 4 5 7 8 9 10 11 | 11.6
Staves         | 1 2 3 4 5 7 8 9 10 11 | 11.6
Ranged Weapons | 1 2 3 4 5 7 8 9 10 11 | 11.6
Throwing       | 1 2 3 4 5 7 8 9 10 11 | 11.6
Stealth        | 1 2 3 4 5 7 8 9 10 11 | 11.6
Shields        | 1 2 3 4 5 7 8 9 10 11 | 11.6
Unarmed Combat | 1 2 3 4 5 7 8 9 10 11 | 11.6
Invocations    | 1 2 3 4 5 6 7 8 9 10 11 12 | 12.6
Evocations     | 1 2 3 4 5 7 8 9 10 11 | 11.6
Spellcasting   | 3 4 5 6 7 8 9 10 11 12 | 12.0
Armour         | 3 4 5 6 7 8 9 10 11 | 11.9
Conjurations   | 1 2 3 4 5 6 7 8 9 |  9.8
Hexes          | 1 2 3 4 5 6 7 8 9 |  9.8
Summonings     | 1 2 3 4 5 6 7 8 9 |  9.8
Necromancy     | 1 2 3 4 5 6 7 8 9 |  9.8
Translocations | 1 2 3 4 5 6 7 8 9 |  9.8
Transmutations | 1 2 3 4 5 6 7 8 9 |  9.8
Fire Magic     | 1 2 3 4 5 6 7 8 9 |  9.8
Ice Magic      | 1 2 3 4 5 6 7 8 9 |  9.8
Air Magic      | 4 5 6 7 8 9 10 | 10.5
Earth Magic    | 1 2 3 4 5 6 7 8 9 |  9.8
Poison Magic   | 1 2 3 4 5 6 7 8 9 |  9.8
Shapeshifting  | 1 2 3 4 5 6 7 8 9 |  9.8
Fighting       | 7 8 9 10 11 12 13 | 13.2
Dodging        | 7 8 9 10 11 12 13 | 13.2

Action                     |  1- 3 |  4- 6 |  7- 9 | 10-12 | 13-15 | 16-18 || total
---------------------------+-------+-------+-------+-------+-------+-------++-------
  Melee: Dagger            |    41 |     3 |   284 |   208 |       |       ||   536
         Bite              |     6 |     3 |    44 |    96 |   161 |    42 ||   352
         Punch             |     1 |       |     9 |    21 |    71 |     3 ||   105
         Short sword       |       |    58 |    29 |       |       |       ||    87
         Scimitar          |       |       |       |   396 |   920 |   303 ||  1619
         Unarmed           |       |       |       |       |     1 |       ||     1
  Throw: Boomerang         |     5 |     6 |    30 |       |       |       ||    41
         Throwing net      |     4 |       |       |       |       |       ||     4
   Cast: Shock             |    64 |   131 |    25 |    17 |    12 |     3 ||   252
         Dazzling Flash    |       |       |       |     8 |     7 |     1 ||    16
         Olgreb's Toxic Ra |       |       |       |       |    63 |    16 ||    79
         Blink             |       |       |       |       |     1 |     2 ||     3
         Freezing Cloud    |       |       |       |       |    14 |    61 ||    75
         Fireball          |       |       |       |       |     4 |    18 ||    22
         Leda's Unmaking   |       |       |       |       |       |     6 ||     6
  Evoke: Wand              |       |       |       |     8 |    15 |       ||    23
    Use: Scroll            |       |     3 |     7 |    11 |     8 |     8 ||    37
         Potion            |       |     1 |       |     4 |     8 |       ||    13
   Stab: Held in net/web   |     3 |       |       |       |       |       ||     3
         Sleeping          |       |     2 |     6 |    12 |    21 |     9 ||    50
         Invisible         |       |       |       |     4 |     4 |       ||     8
         Paralysed         |       |       |       |     2 |    13 |       ||    15
         Distracted        |       |       |       |     1 |     2 |       ||     3
 Armour: Leather armour    |     8 |    45 |    68 |   141 |   108 |       ||   370
         Skin              |       |       |       |     3 |     5 |       ||     8
         Troll leather arm |       |       |       |       |   115 |    29 ||   144
         Swamp dragon scal |       |       |       |       |       |    28 ||    28
  Dodge: Dodged            |    38 |   116 |   174 |   455 |   662 |   149 ||  1594
  Block: Kite shield       |       |       |       |       |       |   172 ||   172

Table legend: (Time is in decaauts)
 A = Elapsed time spent in this place.
 B = Non-inter-level travel time spent in this place.
 C = Inter-level travel time spent in this place.
 D = Time resting spent in this place.
 E = Time spent auto-exploring this place.
 F = Levels seen in this place.
 G = Mean time per level.
                   A        B        C        D        E       F      G
               +--------+--------+--------+--------+--------+-----+--------+
         Total |  35826 |  33683 |   2143 |   4498 |  21517 |  31 | 1155.7 |
       Dungeon |  18980 |  17647 |   1333 |    970 |  12295 |  15 | 1265.3 |
        Temple |      1 |      0 |      1 |      0 |      0 |   1 |    1.0 |
          Lair |   7826 |   7396 |    430 |   1464 |   4612 |   5 | 1565.2 |
         Swamp |   3522 |   3411 |    111 |   1140 |   1624 |   3 | 1174.0 |
  Orcish Mines |   2328 |   2064 |    264 |    282 |   1107 |   2 | 1164.0 |
   Elven Halls |     35 |     35 |      0 |      0 |      0 |   1 |   35.0 |
        Depths |      1 |      1 |      0 |      0 |      0 |   1 |    1.0 |
         Sewer |   1348 |   1348 |      0 |     59 |   1085 |   1 | 1348.0 |
       Ossuary |    224 |    224 |      0 |      0 |    113 |   1 |  224.0 |
        Bailey |   1557 |   1557 |      0 |    582 |    679 |   1 | 1557.0 |
               +--------+--------+--------+--------+--------+-----+--------+

Top non-repeatable levels by time:
  Lair:5: 2020 daAuts
  Lair:4: 1905 daAuts
    D:12: 1664 daAuts
    D:15: 1590 daAuts
  Bailey: 1557 daAuts
    D:13: 1556 daAuts
  Lair:1: 1545 daAuts
     D:2: 1472 daAuts
     D:1: 1427 daAuts
 Swamp:2: 1424 daAuts
   Orc:2: 1423 daAuts
    D:11: 1419 daAuts
  Lair:3: 1418 daAuts
     D:6: 1356 daAuts
   Sewer: 1348 daAuts
